 Dungeon Crawl Stone Soup version 0.28.0-45-g0d030f2227 (webtiles) character file.

Game seed: 6956144332002728424

43 Zeld the Gusty (level 3, 0/19 HPs)
             Began as a Tengu Air Elementalist on Apr 2, 2022.
             Succumbed to an adder's poison
             ... on level 1 of the Dungeon.
             The game lasted 00:02:58 (1532 turns).

Zeld the Gusty (Tengu Air Elementalist)             Turns: 1532, Time: 00:02:58

Health: 0/19       AC:  2    Str:  8    XL:     3   Next: 58%
Magic:  1/7        EV: 12    Int: 17    God:
Gold:   22         SH:  0    Dex: 14    Spells: 1/7 levels left

rFire   . . .      SeeInvis .   (no weapon)
rCold   . . .      Faith    .   (no shield)
rNeg    . . .      Spirit   .   a - +0 robe
rPois   .          Reflect  .   (helmet restricted)
rElec   .          Harm     .   (no cloak)
rCorr   .          Rampage  .   (no gloves)
Will    .....                   (boots unavailable)
Stlth   ++........              (no amulet)
HPRegen 0.06/turn               (no ring)
MPRegen 0.10/turn               (no ring)

@: lethally poisoned (0 -> -2)
A: beak, talons 3
a: no special abilities


You were on level 1 of the Dungeon.
You visited 1 branch of the dungeon, and saw 2 of its levels.

You collected 22 gold pieces.

Inventory:

Armour
 a - a +0 robe (worn)
Scrolls
 c - a scroll of identify {unknown}
Potions
 b - a potion of attraction {unknown}


   Skills:
 + Level 2.5 Dodging
 + Level 2.3 Stealth
 * Level 2.6 Spellcasting
 + Level 2.0 Conjurations
 * Level 4.6 Air Magic


You had one spell level left.
You knew the following spells:

 Your Spells              Type           Power      Damage    Failure   Level
a - Shock                 Conj/Air       52%        1d6       4%          1
b - Static Discharge      Conj/Air       13%        N/A       7%          2
c - Swiftness             Air            17%        N/A       9%          3

Your spell library contained the following spells:

 Spells                   Type           Power      Damage    Failure   Level
 Airstrike                Air            8%         N/A       26%         4
 Gell's Gravitas          Tloc           2%         N/A       50%         3
 Lesser Beckoning         Tloc           2%         N/A       50%         3
 Teleport Other           Tloc           2%         N/A       50%         3


Dungeon Overview and Level Annotations

Branches:
Dungeon (2/15)

Altars:


Innate Abilities, Weirdness & Mutations

You have a beak for a mouth.
You have claws for feet.


Message History

The spell is extremely dangerous to miscast (9% risk of failure)!
Continue anyway?
You feel quick. The adder closely misses you. x2
There is a stone staircase leading up here.
You miss the adder. Your peck misses the adder. The adder closely misses you.
You hit the adder but do no damage. You claw the adder, but do no damage.
The adder bites you. The adder bites you. x2
You climb upwards.
There is a stone staircase leading down here.
You start to feel a little slower.
The adder completely misses you.
There is an open door here.
There's a creature in the doorway!
Casting: Swiftness (extremely dangerous; 9% risk of failure)
Confirm with . or Enter, or press ? or * to list all spells.
Aiming: Shock (safe; 4% risk of failure)
Press: ? - help, Shift-Dir - straight line, f - adder
Aim: an adder (48% to hit)
You miscast Shock.
You are very lightly contaminated with residual magic.
Nothing appears to happen.
The adder barely misses you.
You feel sluggish. The adder closely misses you. The adder bites you.
The adder barely misses you.
Your magical contamination has completely faded away.
The adder bites you.
You see here a +0 dagger.
You start to feel a little faster.
The adder bites you.
* * * LOW HITPOINT WARNING * * *
You are lethally poisoned!
The adder poisons you! The adder closely misses you.
* * * LOW HITPOINT WARNING * * *
You feel sick.
Okay, then.
* * * LOW HITPOINT WARNING * * *
You feel sick. The adder bites you but does no damage.
You no longer feel sluggish.
You die...

#.(........##.#
###..........##.######
#............'........
#............#........
#....)########.)......
#.....# #....>...
#....S# #........
#.....# #........
#....@# #........
#.....# #........
#.....# ######........
#....(# #.............
####### #........#####
#........#....
#........#....
#........#....
######..##....


You could see an adder.

Vanquished Creatures
  An adder (D:2)
  2 dart slugs (D:1)
  2 endoplasms (D:1)
  2 giant cockroaches (D:1)
  5 goblins (D:1)
  2 hobgoblins (D:1)
  3 jackals (D:1)
  A quokka (D:1)
  3 ball pythons (D:1)
  6 frilled lizards (D:1)
  A rat (D:1)
28 creatures vanquished.

Vanquished Creatures (others)
  A plant (D:1)
1 creature vanquished.

Grand Total: 29 creatures vanquished

Notes
Turn   | Place    | Note
-------+----------+-------------------------------------------
     0 | D:1      | Zeld the Tengu Air Elementalist began the quest for the
                  | Orb.
     0 | D:1      | Reached XP level 1. HP: 10/10 MP: 4/4
   167 | D:1      | Found a faded altar of an unknown god.
   320 | D:1      | Reached XP level 2. HP: 15/15 MP: 4/6
   898 | D:1      | Reached XP level 3. HP: 16/19 MP: 4/7
   905 | D:1      | Learned a level 2 spell: Static Discharge
   909 | D:1      | Learned a level 3 spell: Swiftness
  1532 | D:1      | Succumbed to an adder's poison

Illustrated notes

Levels and vault maps discovered:
D:1:      eino_arrival_water_star, layout_basic, basic_ecumenical_altar,
          serial_bayou_crossing
D:2:      layout_basic, basic_altar

Skill      XL: |  1  2  3 |
---------------+----------+-----
Conjurations   | 2 |  2.0
Dodging        | |  2.5
Stealth        | |  2.3
Spellcasting   | |  2.6
Air Magic      | |  4.6

Action                   || total
-------------------------++-------
Melee: Unarmed           ||     5
       Kick              ||     2
 Cast: Shock             ||    68
       Swiftness         ||     1
Armor: Robe              ||     1
Dodge: Dodged            ||    21
